 Dungeon Crawl Stone Soup version 0.23.1 (webtiles) character file.

Game seed: 4219106341373035918

17 Borgoz the Sneak (level 2, -5/22 HPs)
             Began as a Ghoul Enchanter on Mar 8, 2019.
             Slain by a goblin
             ... wielding a +2 dagger of electrocution
              (18 damage)
             ... on level 1 of the Dungeon.
             The game lasted 00:01:33 (292 turns).

Borgoz the Sneak (Ghoul Enchanter)                   Turns: 292, Time: 00:01:34

Health: -5/22      AC:  2    Str: 11    XL:     2   Next: 62%
Magic:  1/3        EV: 12    Int: 10    God:
Gold:   28         SH:  0    Dex:  9    Spells: 3/4 levels left

rFire    . . .     SeeInvis .   a - +1 dagger
rCold    + . .     Gourm    .   (no shield)
rNeg     + + +     Faith    .   b - +0 robe
rPois    ∞         Spirit   .   (no helmet)
rElec    .         Reflect  .   (no cloak)
rCorr    .         Harm     .   (no gloves)
MR       .....                  (no boots)
Stlth    ++........             (no amulet)
HPRegen  0.00/turn              (no ring)
MPRegen  0.08/turn              (no ring)

@: rotting
A: rotting body, claws 1, carnivore, cold resistance 1, negative energy
resistance 3, inhibited regeneration, torment resistance, unbreathing
a: no special abilities


You were on level 1 of the Dungeon.
You were not hungry.

You visited 1 branch of the dungeon, and saw 1 of its levels.

You collected 28 gold pieces.

Inventory:

Hand Weapons
 a - a +1 dagger (weapon)
Armour
 b - a +0 robe (worn)
Scrolls
 e - a scroll of enchant weapon {unknown}
 h - a scroll of immolation {unknown}
Potions
 f - 2 potions of lignification {unknown}
 g - a potion of invisibility {unknown}
Comestibles
 c - 7 chunks of flesh
 d - a ration


   Skills:
 + Level 0.6 Fighting
 + Level 1.3 Short Blades
 + Level 2.4 Dodging
 - Level 3.2 Stealth
 - Level 1.7 Spellcasting
 - Level 2.4 Hexes


You had 3 spell levels left.
You knew the following spells:

 Your Spells              Type           Power        Failure   Level  Hunger
a - Corona                Hex            #......      12%         1    ##.....

Your spell library contained the following spells:

 Spells                   Type           Power        Failure   Level  Hunger
 Ensorcelled Hibernation  Hex/Ice        #.....       30%         2    ###....
 Confuse                  Hex            #.......     34%         3    ####...
 Tukima's Dance           Hex            #.......     34%         3    ####...
 Dazzling Spray           Conj/Hex       #.....       52%         3    ####...


Dungeon Overview and Level Annotations

Branches:
Dungeon (1/15)

Altars:


Innate Abilities, Weirdness & Mutations

Your body is rotting away.
You thrive on raw meat.
You are immune to poison.
You have sharp fingernails.
You are carnivorous and can eat meat at any time.
Your flesh is cold resistant. (rC+)
You are immune to negative energy. (rN+++)
You do not regenerate when monsters are visible.
You are immune to unholy pain and torment.
You can survive without breathing.


Message History

You eat one of the 11 chunks of flesh.
This raw flesh tastes great!
The jackal closely misses you.
Eat one of 10 chunks of flesh? (ye/n/q)
You eat one of the 10 chunks of flesh.
This raw flesh tastes great!
The jackal barely misses you. The jackal bites you.
Eat one of 9 chunks of flesh? (ye/n/q)
You eat one of the 9 chunks of flesh.
This raw flesh tastes great!
The jackal barely misses you.
Eat one of 8 chunks of flesh? (ye/n/q)
Okay, then.
You hit the jackal.
You kill the jackal!
You closely miss the goblin.
The goblin hits you with a +2 dagger of electrocution.
Eat one of 8 chunks of flesh? (ye/n/q)
You eat one of the 8 chunks of flesh.
This raw flesh tastes great!
The goblin hits you with a +2 dagger of electrocution.
You are electrocuted!!
Ouch! That really hurt!
You die...

......####.......#..#.
#...### ##.#.#)##..#
....# #.#.#.... #
##÷.# #.#÷#).## #
##.#.# ###.#.#..##.#.#
..##.# #.............#
#.## ##
#.....##.###### .>
#.....##.# ...
#.....##@# #.##
#.....##g# #.#
########.....# #
...##.# ....# ####.#
.. .# .#


You could see a goblin.

Vanquished Creatures
  A bat (D:1)
  2 goblins (D:1)
  2 hobgoblins (D:1)
  4 jackals (D:1)
  4 kobolds (D:1)
  2 rats (D:1)
15 creatures vanquished.

Notes
Turn   | Place    | Note
-------+----------+-------------------------------------------
     0 | D:1      | Borgoz the Ghoul Enchanter began the quest for the Orb.
     0 | D:1      | Reached XP level 1. HP: 14/14 MP: 2/2
   159 | D:1      | Reached skill level 1 in Short Blades
   159 | D:1      | Reached XP level 2. HP: 18/20 MP: 3/3
   286 | D:1      | HP: 1/22 [jackal (2)]
   292 | D:1      | Slain by a goblin

Skill      XL: |  1 |
---------------+----+-----
Dodging        | 2 |  2.4
Short Blades   | 1 |  1.3
Fighting       | |  0.6
Stealth        | |  3.2
Spellcasting   | |  1.7
Hexes          | |  2.4

Action                   || total
-------------------------++-------
Melee: Dagger            ||    47
 Cast: Corona            ||     4
 Stab: Sleeping          ||     1
  Eat: Chunk             ||     6
Armor: Robe              ||     8
Dodge: Dodged            ||    30
